 Dungeon Crawl Stone Soup version 0.26-a0-784-g51bffae0b1 (webtiles) character file.

Game seed: 17935073037170663740

177 Kinoniko the Skirmisher (level 5, 46/46 HPs)
             Began as a Draconian Fighter on Nov 10, 2020.
             Quit the game on level 3 of the Dungeon.
             The game lasted 00:03:17 (3483 turns).

Kinoniko the Skirmisher (Draconian Fighter)         Turns: 3483, Time: 00:03:18

Health: 46/46      AC:  6    Str: 18    XL:     5   Next: 30%
Magic:  5/5        EV: 11    Int:  8    God:
Gold:   118        SH:  9    Dex: 12    Spells: 4/4 levels left

rFire    . . .     SeeInvis .   a - +0 flail
rCold    . . .     Faith    .   b - +0 kite shield
rNeg     . . .     Spirit   .   (armour unavailable)
rPois    .         Reflect  .   (helmet restricted)
rElec    .         Harm     .   (no cloak)
rCorr    .         Rampage  .   s - +0 pair of gloves
MR       .....                  (no boots)
Stlth    +.........             (no amulet)
HPRegen  0.15/turn              (no ring)
MPRegen  0.09/turn              (no ring)

@: no status effects
A: unfitting armour, cold-blooded, AC +5
a: no special abilities


You were on level 3 of the Dungeon.
You visited 1 branch of the dungeon, and saw 3 of its levels.

You collected 118 gold pieces.

Inventory:

Hand Weapons
 a - a +0 flail (weapon)
Armour
 b - a +0 kite shield (worn)
 s - a +0 pair of gloves (worn)
Jewellery
 h - an uncursed ring of protection from cold {unknown}
 n - an uncursed amulet of magic regeneration
 r - an uncursed ring of wizardry {unknown}
Scrolls
 d - 2 scrolls of remove curse {unknown}
 i - 3 scrolls of identify {unknown}
 l - a scroll of enchant weapon {unknown}
 o - a scroll of random uselessness {unknown}
 p - a scroll of enchant armour {unknown}
 u - a scroll of magic mapping {unknown}
 v - a scroll of teleportation {unknown}
Potions
 c - 3 potions of might
 e - 2 potions of mutation {unknown}
 f - a potion of heal wounds {unknown}
 g - 2 potions of curing {unknown}
 j - a potion of invisibility {unknown}
 k - a potion of berserk rage {unknown}
 m - a potion of haste {unknown}
 q - a potion of cancellation {unknown}
 t - a potion of lignification {unknown}


   Skills:
 + Level 4.0 Fighting
 * Level 3.7 Maces & Flails
 + Level 3.4 Dodging
 - Level 0.5 Stealth
 + Level 3.8 Shields


You had 4 spell levels left.
You didn't know any spells.
Your spell library was empty.

Dungeon Overview and Level Annotations

Branches:
Dungeon (3/15)

Altars:


Innate Abilities, Weirdness & Mutations

Your plain brown scales are hard. (AC +5)
You cannot fit into any form of body armour.
You are cold-blooded and may be slowed by cold attacks.


Message History

You sock the bat!
You kill the bat!
No target in view!
No target in view!
No target in view!
No target in view!
No target in view!
No target in view!
No target in view!
No target in view!
No target in view!
No target in view!
No target in view!
No target in view!
An adder comes into view.
An adder is nearby!
Unknown command.
Quiver which item? (- for none, * to show all) (? for menu, Esc to quit)
Okay, then.
Are you sure you want to abandon this character and quit the game? (Confirm with "yes".)

#############
#...........# .#
#.#########.# .# #.# #.#
.# #.# #.# .# ##.# #.#
.# ...###### ##.## .#
##.)....###...###.#####.
................@......S
.#).....................
##..########.###########
..... ...# ###### #####


You could see an adder (asleep).

Vanquished Creatures
  An iguana (D:2)
  5 adders
  4 gnolls
  An ooze (D:1)
  2 worms (D:2)
  2 orcs (D:3)
  A ball python (D:1)
  A giant cockroach (D:1)
  6 goblins
  9 hobgoblins
  4 jackals (D:1)
  6 kobolds
  6 bats
  4 frilled lizards
  6 rats
58 creatures vanquished.

Notes
Turn   | Place    | Note
-------+----------+-------------------------------------------
     0 | D:1      | Kinoniko the Draconian Fighter began the quest for the Orb.
     0 | D:1      | Reached XP level 1. HP: 19/19 MP: 1/1
   172 | D:1      | Reached XP level 2. HP: 20/26 MP: 2/2
   787 | D:1      | Reached XP level 3. HP: 27/33 MP: 3/3
  1767 | D:2      | Reached XP level 4. HP: 13/40 MP: 4/4
  2930 | D:2      | Reached XP level 5. HP: 33/46 MP: 5/5
  3390 | D:3      | Reached skill level 4 in Fighting
  3483 | D:3      | Quit the game

Illustrated notes

Levels and vault maps discovered:
D:1:      lemuel_arrival_funnel, layout_basic
D:2:      layout_loops_ring
D:3:      layout_loops_ring, grunt_qazlal_clouds, uniq_crazy_yiuf_cottage

Skill      XL: |  1  2  3  4  5 |
---------------+----------------+-----
Dodging        | 3 |  3.4
Maces & Flails | 3 |  3.7
Fighting       | 4 |  4.0
Stealth        | |  0.5
Shields        | |  3.8

Action                   |  1- 3 |  4- 6 || total
-------------------------+-------+-------++-------
Melee: Flail             |   106 |    92 ||   198
       Tailslap          |    15 |     5 ||    20
 Stab: Sleeping          |       |     2 ||     2
Armor: Skin              |    53 |    26 ||    79
Dodge: Dodged            |    77 |    37 ||   114
Block: Kite shield       |    62 |    45 ||   107

Table legend: (Time is in decaauts)
 A = Elapsed time spent in this place.
 B = Non-inter-level travel time spent in this place.
 C = Inter-level travel time spent in this place.
 D = Time resting spent in this place.
 E = Time spent auto-exploring this place.
 F = Levels seen in this place.
 G = Mean time per level.
                   A        B        C        D        E       F      G
               +--------+--------+--------+--------+--------+-----+--------+
         Total |   3550 |   3534 |     16 |   1433 |   1580 |   3 | 1183.3 |
       Dungeon |   3550 |   3534 |     16 |   1433 |   1580 |   3 | 1183.3 |
               +--------+--------+--------+--------+--------+-----+--------+

Top non-repeatable levels by time:
     D:2: 2002 daAuts
     D:1: 1398 daAuts
     D:3: 149 daAuts
